 Dungeon Crawl Stone Soup version 0.18-a0-1788-g92de1ac (webtiles) character file.

97 namelastname112 the Ruffian (level 4, -10/35 HPs)
             Began as a Draconian Transmuter on Apr 19, 2016.
             Mangled by an ogre
             ... wielding a +0 giant spiked club
              (27 damage)
             ... on level 4 of the Dungeon.
             The game lasted 00:03:44 (3047 turns).

namelastname112 the Ruffian (Draconian Transmuter)  Turns: 3047, Time: 00:03:44

Health: -10/35     AC:  5    Str: 13    XL:     4   Next: 42%
Magic:  2/7        EV: 12    Int: 13    God:
Gold:   94         SH:  0    Dex: 12    Spells: 3 memorised, 1 level left

rFire  . . .     SeeInvis .       - Unarmed
rCold  . . .     Gourm    .     (armour unavailable)
rNeg   . . .     Faith    .     (no shield)
rPois  .         Spirit   .     (helmet restricted)
rElec  .         Dismiss  .     (no cloak)
rCorr  .         Reflect  .     (no gloves)
SustAt .         Harm     +     (no boots)
MR     .....                    k - amulet of harm
Stlth  +.........               (no ring)
                                (no ring)

@: very slightly contaminated, not resistant to hostile enchantments, very
unstealthy
A: unfitting armour, cold-blooded, AC +5
a: no special abilities


You were on level 4 of the Dungeon.
You were not hungry.

You visited 1 branch of the dungeon, and saw 4 of its levels.

You collected 94 gold pieces.

Inventory:

Missiles
 a - 79 arrows
Jewellery
 k - an amulet of harm (around neck)
Scrolls
 e - 2 scrolls of enchant armour
 m - 2 scrolls of teleportation
 s - a scroll of enchant weapon
Potions
 d - a potion of haste {unknown}
 i - a potion of agility {unknown}
 j - a potion of curing {unknown}
 l - a potion of mutation {unknown}
 p - a potion of cure mutation {unknown}
 r - 2 potions of might {unknown}
 t - a potion of brilliance {unknown}
Books
 b - a book of Changes

   Spells                             Type                      Level
   a - Beastly Appendage              Transmutation                1
   b - Sticks to Snakes               Transmutation                2
   c - Spider Form                    Transmutation/Poison         3
   d - Ice Form                       Ice/Transmutation            4
   e - Blade Hands                    Transmutation                5
 g - a book of Clouds

   Spells                             Type                      Level
   a - Mephitic Cloud                 Conjuration/Poison/Air       3
   b - Conjure Flame                  Conjuration/Fire             3
   c - Poisonous Cloud                Conjuration/Poison/Air       6
   d - Freezing Cloud                 Conjuration/Ice/Air          6
   e - Ring of Flames                 Charms/Fire                  7
Comestibles
 c - a bread ration
 f - 11 fruits
 h - a beef jerky
 n - 2 meat rations
 o - a royal jelly
 q - a chunk of flesh


   Skills:
 - Level 1.1 Fighting
 - Level 1.7 Dodging
 + Level 4.2 Unarmed Combat
 - Level 2.0 Spellcasting
 + Level 3.6 Transmutations


You had one spell level left.
You knew the following spells:

 Your Spells              Type           Power        Failure   Level  Hunger
a - Beastly Appendage     Trmt           ##....       8%          1    ##.....
c - Sticks to Snakes      Trmt           ##......     10%         2    ###....
x - Spider Form           Trmt/Pois      #.........   38%         3    ####...


Dungeon Overview and Level Annotations

Branches:
Dungeon (4/15)
 Temple: D:4-7

Altars:
Elyvilon
Nemelex Xobeh
Okawaru
Qazlal

Annotations:
D:3 Nedvokis's ghost, amateur DrFE


Innate Abilities, Weirdness & Mutations

Your plain brown scales are hard (AC +5).
Your body does not fit into most forms of armour.
You are cold-blooded and may be slowed by cold attacks.


Message History

You feel faint for a moment.
The ogre hits you with a giant spiked club!
Ouch! That really hurt!
You take 20 damage, and have 15/35 hp.
MASSIVE DAMAGE!!
You now have 4/7 mp.
Casting: Spider Form
Confirm with . or Enter, or press ? or * to list all spells.
You turn into a venomous arachnid creature.
You now have 1/7 mp.
You hit the ogre.
The ogre is poisoned.
The ogre is moderately wounded.
The ogre misses you.
Your transformation is almost over.
The ogre completely misses you.
You hit the ogre.
The ogre looks even sicker.
The ogre is heavily wounded.
Found a stone staircase leading down.
Your transformation has ended.
The ogre hits you with a giant spiked club!!
Ouch! That really hurt!
You die...

#..# #..# #..# #..#
#..#####..###
.#.####...........#
.#............###.#
♣.#.#####.###### #.# ...
#.# ####.#### .. #.....#
#.O.....# #.######...!.#
#@#####.# .......#.....#
#.# #.# ).#.##.#.....#
#># #.# ..#.##.#.....#
#.# #.# ....##.#######
#.#####.#
.##.##.#########.......#
....##.##.....####.#####
<......##.###.# #.#
###.#####.###<####.#


You could see an ogre.

Vanquished Creatures
  2 adders
  A worm (D:2)
  2 dart slugs
  4 giant geckos (D:2)
  An orc (D:4)
  8 goblins
  4 hobgoblins
  10 jackals
  A quokka (D:3)
  A ball python (D:2)
  5 bats
  10 kobolds
  17 rats
66 creatures vanquished.

Notes
Turn   | Place    | Note
--------------------------------------------------------------
     0 | D:1      | namelastname112 the Draconian Transmuter began the quest for the Orb.
     0 | D:1      | Reached XP level 1. HP: 16/16 MP: 3/3
   148 | D:1      | Reached XP level 2. HP: 23/23 MP: 5/5
   152 | D:1      | Learned a level 2 spell: Sticks to Snakes
   740 | D:2      | Found a white marble altar of Elyvilon.
   778 | D:2      | Reached XP level 3. HP: 22/28 MP: 6/6
   925 | D:2      | Learned a level 3 spell: Spider Form
  1774 | D:3      | Reached skill level 4 in Unarmed Combat
  1817 | D:3      | Reached XP level 4. HP: 29/35 MP: 7/7
  2005 | D:3      | Found a stormy altar of Qazlal.
  2014 | D:3      | Found a sparkling altar of Nemelex Xobeh.
  2172 | D:3      | Found an iron altar of Okawaru.
  2211 | D:3      | Noticed Nedvokis's ghost (amateur DrFE)
  3025 | D:4      | Noticed an ogre
  3047 | D:4      | Mangled by an ogre

Vault maps used:
D:1:      erik_arrival_orb_chamber
D:2:      wad_pebble_path, elyvilon_altar_1, kennysheep_potato
D:3:      okawaru_ov_weapons_minmay, minitemple
D:4:      lemuel_round_altar, kennysheep_mini_moat, minmay_temple_entry_trees

Skill      XL: |  1  2  3 |
---------------+----------+-----
Transmutations | 3 |  3.6
Unarmed Combat | 4 |  4.2
Fighting       | |  1.1
Dodging        | |  1.7
Spellcasting   | |  2.0

Action                   |  1- 3 |  4- 6 || total
-------------------------+-------+-------++-------
Melee: Unarmed           |   188 |    49 ||   237
       Tailslap          |    19 |     6 ||    25
       Punch             |     2 |       ||     2
 Cast: Spider Form       |       |     1 ||     1
  Use: Scroll            |       |     7 ||     7
  Eat: Chunk             |     3 |     3 ||     6
       Pizza             |       |     1 ||     1
Armor: Skin              |    58 |    13 ||    71
Dodge: Dodged            |   110 |    26 ||   136
